 Dungeon Crawl Stone Soup version 0.25-a0-1073-gf4359a17dd (webtiles) character file.

Game seed: 5324890721019162702, levelgen mode: deterministic

47 Esekla the Magician (level 3, -3/22 HPs)
             Began as an Octopode Wizard on May 14, 2020.
             Killed from afar by a dart slug (7 damage)
             ... with a slug dart
             ... on level 3 of the Dungeon.
             The game lasted 00:11:34 (1351 turns).

Esekla the Magician (Octopode Wizard)               Turns: 1351, Time: 00:11:35

Health: -3/22      AC:  1    Str:  6    XL:     3   Next: 70%
Magic:  5/8        EV: 13    Int: 20    God:
Gold:   21         SH:  0    Dex: 11    Spells: 6/9 levels left

rFire    . . .     SeeInvis .   h - +0 falchion
rCold    . . .     Gourm    .   (no shield)
rNeg     . . .     Faith    .   a - +0 hat
rPois    .         Spirit   .   (no amulet)
rElec    .         Reflect  .   (no ring)
rCorr    .         Harm     .   (no ring)
MR       .....                  (no ring)
Stlth    +++.......             (no ring)
HPRegen  0.07/turn              (no ring)
MPRegen  0.11/turn              (no ring)
                                (no ring)
                                (no ring)

@: no status effects
A: almost no armour, stealthy swim, amphibious, 8 rings, constrict 8, camouflage
1, gelatinous body 1
a: no special abilities


You were on level 3 of the Dungeon.
You were very hungry.

You visited 1 branch of the dungeon, and saw 3 of its levels.

You collected 21 gold pieces.

Inventory:

Hand Weapons
 d - a +0 short sword
 h - a +0 falchion (weapon)
Missiles
 b - 5 boomerangs (quivered)
Armour
 a - a +0 hat (worn)
Scrolls
 e - a scroll of identify {unknown}
 f - a scroll of enchant armour {unknown}
 g - a scroll of enchant weapon {unknown}
Comestibles
 c - 2 rations


   Skills:
 * Level 0.5 Fighting
 * Level 2.4 Dodging
 - Level 2.6 Stealth
 * Level 3.9 Spellcasting
 + Level 1.0 Conjurations
   Level 1.0 Summonings
 * Level 1.2 Translocations


You had 6 spell levels left.
You knew the following spells:

 Your Spells              Type           Power        Failure   Level  Hunger
a - Magic Dart            Conj           #...         9%          1    None
b - Blink                 Tloc           N/A          12%         2    ##.....

Your spell library contained the following spells:

 Spells                   Type           Power        Failure   Level  Hunger
 Call Imp                 Summ           #.......     13%         2    ##.....
 Slow                     Hex            #.......     21%         2    ##.....
 Conjure Flame            Conj/Fire      #.......     30%         3    ###....
 Mephitic Cloud           Conj/Pois/Air  #.......     32%         3    ###....


Dungeon Overview and Level Annotations

Branches:
Dungeon (3/15)

Altars:


Innate Abilities, Weirdness & Mutations

You cannot wear most types of armour.
You are very stealthy in the water. (Stealth+)
You are amphibious.
You can wear up to eight rings at the same time.
You can use your tentacles to constrict eight enemies at once.
Your skin changes colour to match your surroundings (Stealth+).
Your rubbery body absorbs attacks. (AC +1, EV +1)


Message History

There is a stone staircase leading down here.
You climb downwards.
Reactivating autopickup.
Found 7 gold pieces.
There is a stone staircase leading up here.
You now have 21 gold pieces (gained 7).
A dart slug comes into view.
A goblin and an orc come into view.
The goblin shouts!
The orc shouts!
An ooze comes into view.
A kobold comes into view.
A dart slug comes into view.
The dart slug launches a dart at you. The slug dart hits you.
* * * LOW HITPOINT WARNING * * *
The dart slug launches a dart at you. The slug dart misses you.
The dart slug launches a dart at you. The slug dart hits you!
You die...

#########
######.......#
#....g..####.#
#g####..####.#####
#.##.w..o..#......
#.##.#....<..#####
#....w.....#.#
#............#
#@##.##.######
#.##..#.#
#.###.#.# #.#


#wP #.. ā‰ˆ.ā‰ˆ ### .ā‰ˆK Jā‰ˆ You could see 2 dart slugs, an orc (wandering)
and a goblin.

Vanquished Creatures
  An orc wizard (D:2)
  2 orcs (D:2)
  2 giant cockroaches (D:1)
  A goblin (D:2)
  A hobgoblin (D:2)
  3 jackals
  A frilled lizard (D:1)
  4 kobolds
  2 rats (D:2)
17 creatures vanquished.

Notes
Turn   | Place    | Note
-------+----------+-------------------------------------------
     0 | D:1      | Esekla the Octopode Wizard began the quest for the Orb.
     0 | D:1      | Reached XP level 1. HP: 11/11 MP: 4/4
   550 | D:1      | Reached XP level 2. HP: 8/17 MP: 0/6
   958 | D:1      | Learned a level 2 spell: Blink
  1301 | D:2      | Reached XP level 3. HP: 6/22 MP: 0/8
  1351 | D:3      | Killed from afar by a dart slug

Illustrated notes

Levels and vault maps discovered:
D:1:      minmay_arrival_shattered_statue, layout_loops_ring
D:2:      layout_basic, old_standard_altar, nicolae_gozag_seed_capital,
          minitemple
D:3:      layout_loops_cross, serial_bayou_pond_b, chequers_garden,
          nemelex_diamond_rough_becter, uniq_robin, uniq_grinder

Action                   || total
-------------------------++-------
Melee: Unarmed           ||    10
       Constrict         ||     8
       Tentacles         ||     4
       Short sword       ||    17
 Cast: Magic Dart        ||    28
Armor: Skin              ||     1
Dodge: Dodged            ||    33

Table legend:
 A = Non-vault XP
 B = Vault XP
 C = Vault XP percentage of total XP
 D = Non-vault monster count
 E = Vault monster count
 F = Vault count percentage of total count
                 A         B        C        D         E       F
            +---------+---------+-------+---------+---------+-------
      Total |      68 |       0 |   0.0 |      17 |       0 |   0.0
            +---------+---------+-------+---------+---------+-------
        D:1 |      11 |       0 |   0.0 |       7 |       0 |   0.0
        D:2 |      57 |       0 |   0.0 |      10 |       0 |   0.0
            +---------+---------+-------+---------+---------+-------
